 Dungeon Crawl Stone Soup version 0.31.0-2-g5a2aebc5c2 (webtiles) character file.

Game seed: 12302683879354339509

5510 Armakuni the Conjurer (level 10, -1/74 HPs)
             Began as a Human Wanderer on Jan 21, 2024.
             Was an Initiate of Gozag.
             Slain by a yak (11 damage)
             ... on level 9 of the Dungeon.
             The game lasted 00:30:41 (8923 turns).

Armakuni the Conjurer (Human Wanderer)              Turns: 8923, Time: 00:30:41

Health: -1/74      AC:  5    Str: 18    XL:     10   Next: 70%
Magic:  19/19      EV: 12    Int: 16    God:    Gozag
Gold:   1192       SH:  6    Dex: 16    Spells: 16/21 levels left

rFire   . . .        a - +10 falchion "Ifoumaur" {holy, rElec rF- Str+6}
rCold   . . .        q - +1 buckler
rNeg    . . .        g - +0 leather armour
rPois   .            n - +0 helmet
rElec   +            (no cloak)
rCorr   .            (no gloves)
SInv    +            f - +0 pair of boots
Will    .....        A - amulet of the acrobat
Stlth   +            F - ring of protection from fire
HPRegen 0.32/turn    k - ring "Fetikud" {rElec Str+2 SInv}
MPRegen 0.16/turn

%: acrobat
@: no status effects
A: explore regen
a: Renounce Religion, Potion Petition, Call Merchant, Bribe Branch


You were on level 9 of the Dungeon.
You worshipped Gozag.
Gozag was most pleased with you.
You visited 2 branches of the dungeon, and saw 10 of its levels.
You also visited: Sewer.

You collected 2095 gold pieces.
You spent 176 gold pieces at shops.
You paid 727 gold pieces to Gozag.

Inventory:

Hand Weapons
 a - the +10 falchion "Ifoumaur" (weapon) {holy, rElec rF- Str+6}
   (You bought it in a shop in the Ecumenical Temple)

   Str+6:     It affects your strength (+6).
   rF-:       It makes you vulnerable to fire.
   rElec:     It insulates you from electricity.
 h - a -2 demon whip of venom
Missiles
 u - a curare-tipped dart
Armour
 f - a +0 pair of boots (worn)
 g - a +0 leather armour (worn)
 n - a +0 helmet (worn)
 q - a +1 buckler (worn)
Jewellery
 k - the ring "Fetikud" (right hand) {rElec Str+2 SInv}
   (You found it on level 7 of the Dungeon)

   [ring of see invisible]

   Str+2:     It affects your strength (+2).
   rElec:     It insulates you from electricity.
   SInv:      It lets you see invisible.
 A - an amulet of the acrobat (around neck)
 F - a ring of protection from fire (left hand)
 J - a ring of protection from cold
 M - an amulet of magic regeneration
Wands
 j - a wand of iceblast (5)
 v - a wand of flame (3) (quivered)
Scrolls
 b - 2 scrolls of enchant armour
 d - a scroll of revelation
 m - 2 scrolls of identify
 o - a scroll of immolation
 p - a scroll of brand weapon {unknown}
 w - 4 scrolls of enchant weapon
Potions
 c - a potion of curing
 e - a potion of brilliance
 i - 2 potions of heal wounds
 l - a potion of cancellation
 s - 2 potions of magic {unknown}
 t - a potion of enlightenment {unknown}
 X - 2 potions of mutation


   Skills:
 - Level 5.0 Fighting
 - Level 5.0 Long Blades
 - Level 1.0 Throwing
 - Level 4.0 Armour
 - Level 3.0 Dodging
 - Level 4.0 Shields
 - Level 6.1 Spellcasting
 + Level 7.2 Conjurations
 + Level 6.8 Translocations
 - Level 4.0 Evocations
 - Level 1.1 Shapeshifting


You had 16 spell levels left.
You knew the following spells:

 Your Spells              Type           Power      Damage    Failure   Level
a - Kiss of Death         Conj/Necr      64%        2d10      4%          1
m - Iskenderun's Mystic   Conj/Tloc      27%        2d7       11%         4

Your spell library contained the following spells:

 Spells                   Type           Power      Damage    Failure   Level
 Lesser Beckoning         Tloc           52%        N/A       1%          2
 Gell's Gravitas          Tloc           26%        N/A       3%          3
 Teleport Other           Tloc           26%        N/A       3%          3
 Sting                    Conj/Alch      64%        1d7       4%          1
 Dazzling Flash           Conj/Hex       32%        N/A       14%         3
 Volatile Blastmotes      Fire/Tloc      30%        2d12      16%         3
 Mercury Vapours          Alch/Air       8%         N/A       30%         2
 Fulminant Prism          Conj/Alch      8%         3d7       43%         4
 Dimensional Bullseye     Hex/Tloc       7%         N/A       45%         4
 Tukima's Dance           Hex            4%         N/A       52%         3
 Olgreb's Toxic Radiance  Alch           4%         N/A       90%         4


Dungeon Overview and Level Annotations

Branches:
Dungeon (9/15)             Temple (1/1) D:4           Sewer (visited)
   Lair: D:8-11         Orc: D:9-12

Altars:
Ashenzari
Cheibriados
Dithmenos
Elyvilon
Fedhas
Gozag
Hepliaklqana
Kikubaaqudgha
Makhleb
Nemelex Xobeh
Okawaru
Qazlal
Ru
Sif Muna
Trog
Uskayaw
Vehumet
Wu Jian
Xom
Yredelemnul
Zin
The Shining One

Shops:
D:8 :   Temple (

Annotations:
D:1 2 transporters
D:7 1 runed translucent door, exclusion: 4 orange crystal statues


Innate Abilities, Weirdness & Mutations

You regain HP and MP as you explore.


Message History

The yak is heavily wounded.
The orc is no longer distracted by gold.
The yak gores you!
You slash the yak!
The yak is almost dead.
The yak is distracted by your dazzling golden aura.
You catch the helpless yak completely off-guard!
You hit the yak.
You kill the yak!
You slash the orc!
You kill the orc!
You slash the orc!
You kill the orc!
You hit the yak.
The yak is lightly wounded.
The yak closely misses you.
You hit the yak.
The yak is moderately wounded.
The yak barely misses you.
You barely miss the yak.
The yak is moderately wounded.
The yak gores you!
* * * LOW HITPOINT WARNING * * *
You hit the yak.
The yak is moderately wounded.
The yak barely misses you.
You slash the yak!
The yak is heavily wounded.
The yak gores you!
* * * LOW HITPOINT WARNING * * *
You slash the yak!
The yak is severely wounded.
The yak gores you.
* * * LOW HITPOINT WARNING * * *
The yak closely misses you.
You slash the yak!
The yak is almost dead.
The yak gores you!
You die...
Your body crumbles into a pile of gold.

......### ..#
....Y...###.##
....Y........##
oo.....#.....)#
.....###...##..#
.##. #..## ..#..
# ##o# #....#
#Y# ##...# #@#
#....##
#.###.....##
#..........##
#........#..
##......##.#
##....###.#
##.......##
#..###...# #.##
##..#


You could see a yak and an orc.

Vanquished Creatures
  Amaemon (D:8)
  An ugly thing (D:8)
  An orange demon (D:8)
  Grinder (D:3)
  A wyvern (D:8)
  7 yaks
  2 steam dragons (D:8)
  A black bear (D:5)
  An ice beast (D:5)
  4 ogres
  3 kobold brigands
  A scorpion (D:6)
  5 bullfrogs
  4 killer bees (D:7)
  2 vampire bats (D:3)
  3 howler monkeys
  2 bombardier beetles
  6 hounds
  6 jellies
  2 orc priests (D:8)
  Jessica (D:3)
  7 iguanas
  6 orc wizards
  Robin (D:3)
  7 gnolls
  8 adders
  4 river rats (Sewer)
  3 white imps
  4 ufetubi (D:6)
  6 dart slugs
  4 ribbon worms
  20 orcs
  8 bats
  2 bat skeletons (D:3)
  3 bat zombies (D:3)
  5 endoplasms
  6 giant cockroaches
  7 goblins (D:2)
  14 hobgoblins
  2 jackals (D:4)
  16 kobolds
  A quokka (D:1)
  11 ball pythons
  8 rats
208 creatures vanquished.

Vanquished Creatures (others)
  A quokka (D:3)
1 creature vanquished.

Grand Total: 209 creatures vanquished

Notes
Turn   | Place    | Note
-------+----------+-------------------------------------------
     0 | D:1      | Armakuni the Human Wanderer began the quest for the Orb.
     0 | D:1      | Armakuni set off with the following items: a +2 falchion, a
                  | +0 buckler, a potion of curing, a +0 robe; and the
                  | following spell memorised: Kiss of Death; and the following
                  | spells available to memorise: Dazzling Flash.
     0 | D:1      | Reached XP level 1. HP: 16/16 MP: 3/3
   231 | D:1      | Reached XP level 2. HP: 19/22 MP: 5/5
   654 | D:1      | Reached XP level 3. HP: 21/27 MP: 6/6
   951 | D:2      | Identified a scroll of acquirement
   951 | D:2      | Acquired 751 gold pieces
  1391 | D:2      | Found a sparkling altar of Nemelex Xobeh.
  1805 | D:3      | Reached XP level 4. HP: 33/33 MP: 7/7
  1989 | D:3      | Noticed Grinder
  1998 | D:3      | Killed Grinder
  1999 | D:3      | Reached skill level 5 in Long Blades
  1999 | D:3      | Reached skill level 1 in Armour
  1999 | D:3      | Reached skill level 1 in Dodging
  1999 | D:3      | Reached skill level 1 in Evocations
  1999 | D:3      | Reached XP level 5. HP: 9/39 MP: 8/8
  1999 | D:3      | Reached XP level 6. HP: 10/46 MP: 9/9
  2346 | D:3      | Noticed Robin
  2553 | D:3      | Killed Robin
  2554 | D:3      | Reached skill level 1 in Shapeshifting
  2788 | D:3      | Noticed Jessica
  2795 | D:3      | Killed Jessica
  3049 | D:3      | Found an ancient bone altar of Kikubaaqudgha.
  3073 | D:3      | Reached XP level 7. HP: 50/54 MP: 10/10
  3397 | D:4      | Learned a level 4 spell: Iskenderun's Mystic Blast
  3421 | D:4      | Reached skill level 5 in Fighting
  3726 | D:4      | Found a staircase to the Ecumenical Temple.
  3738 | Temple   | Entered the Ecumenical Temple
  3758 | Temple   | Became a worshipper of Gozag Ym Sagoz the Greedy
  3780 | Temple   | Bought a smoking falchion for 176 gold pieces
  3780 | Temple   | Identified the +10 falchion "Ifoumaur" {holy, rElec rF-
                  | Str+6} (You bought it in a shop in the Ecumenical Temple)
  4280 | D:5      | Entered Level 5 of the Dungeon
  4346 | D:5      | Reached XP level 8. HP: 61/62 MP: 11/11
  4374 | D:5      | Found a glowing drain.
  4383 | Sewer    | Entered a sewer
  5733 | D:5      | Reached skill level 1 in Translocations
  6130 | D:6      | Reached XP level 9. HP: 68/68 MP: 13/13
  6148 | D:6      | Reached skill level 3 in Conjurations
  6572 | D:6      | Reached skill level 4 in Conjurations
  7161 | D:7      | Found a runed translucent door.
  7163 | D:7      | Found the +10 tower shield of Ignorance {rN+ Int-4}
  7168 | D:7      | Noticed an orange crystal statue
  7168 | D:7      | Noticed an orange crystal statue
  7168 | D:7      | Noticed an orange crystal statue
  7168 | D:7      | Noticed an orange crystal statue
  7464 | D:7      | Reached skill level 5 in Conjurations
  7654 | D:7      | Identified the ring "Fetikud" {rElec Str+2 SInv}
  7770 | D:7      | Found a runed translucent door.
  7984 | D:8      | Noticed an orange demon
  7985 | D:8      | Noticed Amaemon
  7991 | D:8      | Killed an orange demon
  7991 | D:8      | Killed Amaemon
  7992 | D:8      | Reached skill level 5 in Spellcasting
  7992 | D:8      | Reached skill level 6 in Conjurations
  7992 | D:8      | Reached skill level 5 in Translocations
  7992 | D:8      | Reached XP level 10. HP: 74/74 MP: 16/18
  7995 | D:8      | Noticed a brown ugly thing
  8003 | D:8      | Killed a brown ugly thing
  8098 | D:8      | Found Kuedall's Book Boutique.
  8902 | D:9      | Reached skill level 7 in Conjurations
  8923 | D:9      | Slain by a yak

Illustrated notes

Levels and vault maps discovered:
D:1:      spicycebolla_arrival_transporter_tutorial, layout_basic
D:2:      layout_basic, basic_altar, minivault_26
D:3:      layout_basic, kennysheep_vampire_church, minmay_fountain_box,
          uniq_robin, uniq_grinder, uniq_jessica
D:4:      layout_cave_pools, minmay_temple_entry_trees, dreamdust_gnoll_farm
D:5:      layout_loops_cross, cheibrodos_sewer_entry_sluice,
          serial_co_window_serial, co_window_of_opportunity_a,
          co_window_paths_b, co_window_of_opportunity_a, co_window_paths_a,
          co_window_of_opportunity_a, co_window_corner_ca, co_window_broadway_c,
          co_window_corner_b, co_window_corner_b, co_window_unsneaky_path_c,
          glass_columns_a
D:6:      layout_basic
D:7:      layout_loops_ring, chequers_guarded_unrand_ignorance
D:8:      layout_cave_pools, serial_shops, nicolae_shop_rolling_square,
          uniq_amaemon
D:9:      layout_layer_cave
Temple:   nicolae_temple_bog_church

Skill      XL: |  1  2  3  4  5  6  7  8  9 10 |
---------------+-------------------------------+-----
Long Blades    | 3 4 5 |  5.0
Armour         | 1 2 4 |  4.0
Dodging        | 1 2 3 |  3.0
Evocations     | 1 4 |  4.0
Shapeshifting  | 1 |  1.1
Fighting       | 4 5 |  5.0
Shields        | 4 |  4.0
Translocations | 1 5 6 |  6.8
Conjurations   | 6 7 |  7.2
Spellcasting   | 5 6 |  6.1
Throwing       | |  1.0

Action                     |  1- 3 |  4- 6 |  7- 9 | 10-12 || total
---------------------------+-------+-------+-------+-------++-------
  Melee: Falchion          |    94 |   104 |   342 |    74 ||   614
 Invoke: Call Merchant     |       |       |     1 |       ||     1
  Evoke: Wand              |       |     7 |    19 |     6 ||    32
    Use: Scroll            |     7 |     1 |     9 |       ||    17
         Potion            |       |       |     9 |     2 ||    11
   Stab: Sleeping          |     1 |     1 |       |       ||     2
         Distracted        |       |       |     2 |     1 ||     3
 Armour: Robe              |    33 |       |       |       ||    33
         Leather armour    |    27 |    88 |   180 |    40 ||   335
  Dodge: Dodged            |    45 |    59 |   282 |    40 ||   426
  Block: Buckler           |    16 |    30 |   111 |    12 ||   169
   Form: Beast             |       |     1 |       |       ||     1
                           |       |       |     1 |       ||     1
